[Event "Late-Titled-Tuesday-Blitz-January-30-2024"]
[Site "Chess.com"]
[Date "2024.01.30"]
[Round "4"]
[White "joksijoksi"]
[Black "Iana_Shirova"]
[Result "1/2-1/2"]
[WhiteElo "2521"]
[BlackElo "2351"]
[TimeControl "180+1"]
[EndTime "14:43:28 PST"]
[Termination "Game drawn - insufficient material"]

1. d4 d5 2. c4 dxc4 3. Nf3 c6 4. g3 g6 5. Bg2 Bg7 6. O-O Nh6 7. Na3 b5 8. Nxb5 cxb5 9. Ne5 Nf5 10. Bxa8 Nxd4 11.
Nf3 e5 12. Bg5 Nxf3+ 13. exf3 Qxg5 14. Qd6 Qe7 15. Qxb8 O-O 16. Rfe1 Bf5 17. Qb7 Qd8 18. Qxb5 Qxa8 19. Re3 Bh6 20. Ra3 e4 21. Qxc4 exf3 22. Re1 Be6 23. Rxe6 fxe6 24. Qxe6+ Kh8 25. h4 Bg7 26. h5 Qe8 27. Qxe8 Rxe8 28. hxg6 hxg6 29. Rxf3 Bxb2 30. Kg2 Bg7 31. Rd3 Re7 32. a4 a5 33.
Rd5 Ra7 34. f4 Kg8 35. Kf3 Kf7 36. g4 Bc3 37. g5 Bb4 38. Kg4 Re7 39. f5 Re4+ 40.
Kf3 Re8 41. Kg4 gxf5+ 42. Kxf5 Kg7 43. Rd7+ Re7 44. Rd5 Rf7+ 45. Kg4 Kg6 46. Rb5 Rd7 47. Rb6+ Kg7 48. Kh5 Rc7 49. Rg6+ Kf7 50. Rf6+ Kg8 51.
Rg6+ Rg7 52. Ra6 Bd2 53. Ra8+ Kh7 54. Rd8 Rxg5+ 55. Kh4 Rg7 56. Rxd2 Rf7 57. Kg4 Kg7 58. Rd5 Ra7 59. Kf5 Kf7 60. Ke5 Ke7 61. Rb5 Kd7 62.
Kd5 Kc7 63. Kc5 Ra6 64. Rb2 Rc6+ 65. Kd5 Rd6+ 66. Ke5 Rb6 67. Rc2+ Rc6 68. Rf2 Rc4 69. Kd5 Rxa4 70. Rf7+ Kb6 71. Rf6+ Kb5 72. Rf8 Ra1 73. Rb8+ Ka4 74. Kc4 Rc1+ 75. Kd3 Rc7 76. Rb2 Ka3 77. Rc2 Rd7+ 78. Kc3 a4 79. Rc1 Rc7+ 80. Kd2 Rd7+ 81. Kc2 Ka2 82. Re1 Rc7+ 83. Kd2 a3 84. Re5 Rd7+ 85. Kc2 Rc7+ 86. Kd2 Kb2 87. Rb5+ Ka1 88. Kd1 Rc4 89. Rb3 Ka2 90. Rb5 Rd4+ 91. Kc2 Rc4+ 92. Kd1 Rh4 93. Kc2 Rh2+ 94. Kc1 Ka1 95. Rb6 Rh1+ 96.
Kc2 Rh2+ 97. Kc1 Rb2 98. Ra6 Ka2 99. Rc6 Rb3 100. Rc5 Rb4 101. Rc6 Kb3 102. Kb1 a2+ 103. Ka1 Rh4 104. Rc1 Rh2 105. Rg1 Rc2 106. Rg3+ Kb4 107. Rg1 Re2 108. Rh1 Rg2 109. Rf1 Kc4 110. Re1 Kc3 111. Rf1 Kb3 112. Re1 Kc2 113. Rf1 Rd2 114. Rg1 Kc3 115. Rf1 Rd3 116. Rg1 Rd2 117. Rf1 Kd3 118. Rg1 Kc2 119. Rf1 Kc3 120. Rg1 Kb3 121. Rh1 Kc3 122. Rg1 Kc2 123. Rh1 Rd8 124. Rg1 Rb8 125. Rg2+ Kc1 126. Rg1+ Kc2 127. Rg2+ Kc3 128. Rg1 Ra8 129. Rg3+ Kd2 130. Rg2+ Kc1 131. Rg1+ Kc2 132. Rg2+ Kc3 133. Rg3+ Kd4 134. Rg4+ Ke3 135. Rg1 Kf2 136. Rh1 Kg2 137. Rc1 Kf2 138. Rd1 Ke2 139. Rh1 Rd8 140. Rh2+ Kd1 141. Rh1+ Kc2 142. Rh2+ Rd2 143. Rxd2+ Kxd2 144.
Kxa2 1/2-1/2

[Event "Late-Titled-Tuesday-Blitz-January-30-2024"]
[Site "Chess.com"]
[Date "2024.01.30"]
[Round "5"]
[White "guillembaches"]
[Black "carloseduar100"]
[Result "0-1"]
[WhiteElo "2527"]
[BlackElo "2328"]
[TimeControl "180+1"]
[EndTime "14:51:38 PST"]
[Termination "carloseduar100 won by resignation"]

1. d4 d5 2. Nf3 c6 3. Bg5 Bf5 4. Nbd2 Nd7 5. e3 Ngf6 6. Bd3 Bg6 7.
O-O Qc7 8. Bf4 Qb6 9. Rb1 e6 10. Ne5 Nxe5 11. dxe5 Nd7 12. c4 Bxd3 13. cxd5 cxd5 14.
Nb3 Bxf1 15. Qxf1 Be7 0-1

[Event "Late-Titled-Tuesday-Blitz-January-30-2024"]
[Site "Chess.com"]
[Date "2024.01.30"]
[Round "5"]
[White "Hrant_ChessMood"]
[Black "blitis"]
[Result "1-0"]
[WhiteElo "2907"]
[BlackElo "2620"]
[TimeControl "180+1"]
[EndTime "14:51:49 PST"]
[Termination "Hrant_ChessMood won by resignation"]

1. Nf3 g6 2. e4 Bg7 3. d4 d6 4.
Bc4 Nf6 5. Qe2 O-O 6. e5 Nfd7 7. h4 Nb6 8. Bb3 c5 9. h5 cxd4 10. hxg6 hxg6 11. Qe4 d5 12. Qh4 Re8 13. Qh7+ Kf8 14.
Bh6 1-0

[Event "Late-Titled-Tuesday-Blitz-January-30-2024"]
[Site "Chess.com"]
[Date "2024.01.30"]
[Round "5"]
[White "vidavi"]
[Black "Lion-Al-Messi"]
[Result "0-1"]
[WhiteElo "2442"]
[BlackElo "2603"]
[TimeControl "180+1"]
[EndTime "14:52:27 PST"]
[Termination "Lion-Al-Messi won by resignation"]

1. e4 e6 2. Nc3 d5 3. d4 Nf6 4. e5 Nfd7 5. Nce2 c5 6. c3 Nc6 7.
f4 Qb6 8. Nf3 f6 9. g3 cxd4 10.
cxd4 Bb4+ 11. Kf2 fxe5 12. fxe5 Ndxe5 13. Nxe5 Nxe5 14. Kg2 Ng4 15. Nf4 Nf6 16. Bd3 O-O 17. a3 Bd6 18. b4 Bd7 19. Bb2 Rac8 20. Qe2 Bxf4 21. gxf4 Ne4 22. Bxe4 dxe4 23. Rhf1 Bb5 24. Qg4 Bxf1+ 25. Rxf1 Rc2+ 26. Rf2 Rxf2+ 27. Kxf2 Qc6 0-1

[Event "Late-Titled-Tuesday-Blitz-January-30-2024"]
[Site "Chess.com"]
[Date "2024.01.30"]
[Round "5"]
[White "DraningWaterHi"]
[Black "Matalon"]
[Result "0-1"]
[WhiteElo "2114"]
[BlackElo "2415"]
[TimeControl "180+1"]
[EndTime "14:52:31 PST"]
[Termination "Matalon won by resignation"]

1. d4 f6 2. e4 c5 3. d5 e5 4. c4 d6 5. Nc3 f5 6. exf5 Bxf5 7.
Bd3 Qd7 8. Nge2 Nf6 9. Ng3 Bxd3 10. Qxd3 Be7 11. Bg5 O-O 12. O-O Na6 13. a3 Nc7 14. b3 Nfxd5 15. cxd5 Bxg5 16. Nge4 Be7 17. b4 b6 18. b5 a6 19. a4 a5 20. f3 Ne8 21.
Nd2 g6 22. Nc4 Rb8 23. Ne4 Ng7 24. g4 Ne8 25. Qe3 Nf6 26. h3 Nxd5 27. Qd3 Nf4 0-1

[Event "Late-Titled-Tuesday-Blitz-January-30-2024"]
[Site "Chess.com"]
[Date "2024.01.30"]
[Round "5"]
[White "BeardedNM"]
[Black "bn1462"]
[Result "0-1"]
[WhiteElo "2179"]
[BlackElo "1961"]
[TimeControl "180+1"]
[EndTime "14:53:37 PST"]
[Termination "bn1462 won by resignation"]

1. e4 c5 2. Nf3 Nc6 3. d4 cxd4 4. Nxd4 Nf6 5. Nc3 e5 6. Ndb5 d6 7. Bg5 a6 8. Na3 b5 9. Bxf6 gxf6 10. Nd5 Bg7 11.
Bd3 Ne7 12. Nxe7 Qxe7 13. O-O O-O 14. c4 f5 15. exf5 e4 16. Re1 Bxf5 17. Nc2 Bxb2 18. Rb1 Bc3 19. Ne3 exd3 20. Nxf5 Qxe1+ 21. Qxe1 Bxe1 22. Rxe1 bxc4 23. Re4 Rfe8 24. Rg4+ Kf8 25. h4 Re1+ 26. Kh2 d2 27. Ne3 Rxe3 0-1

[Event "Late-Titled-Tuesday-Blitz-January-30-2024"]
[Site "Chess.com"]
[Date "2024.01.30"]
[Round "5"]
[White "AsaHoffmann"]
[Black "annasargsyan_m"]
[Result "0-1"]
[WhiteElo "2338"]
[BlackElo "2539"]
[TimeControl "180+1"]
[EndTime "14:53:59 PST"]
[Termination "annasargsyan_m won by resignation"]

1. d4 d5 2. Bg5 c6 3. e3 Bf5 4. Bd3 Bxd3 5. Qxd3 Qb6 6. b3 Nd7 7. Nf3 e6 8. Nbd2 Ngf6 9. O-O Bd6 10. c4 Qc7 11. Rac1 O-O 12. Rfe1 h6 13. Bh4 Rfe8 14.
Bg3 Bxg3 15. hxg3 Nf8 16. e4 dxe4 17. Nxe4 Nxe4 18. Qxe4 Rad8 19. Ne5 Nd7 20. Rcd1 Nxe5 21. dxe5 Rxd1 22. Rxd1 Rd8 23. Rd4 Rxd4 24. Qxd4 Qa5 25. a4 Qb4 26. Qe3 a5 27. f4 b5 28. cxb5 cxb5 29. axb5 Qxb5 30. g4 Qd5 31. Kh2 Qd1 32. Kg3 g6 33. f5 gxf5 34. gxf5 exf5 35. Qxh6 Qxb3+ 36. Kh2 Qe6 37. Qg5+ Kh7 38. Qh5+ Qh6 39. Qxh6+ Kxh6 0-1

[Event "Late-Titled-Tuesday-Blitz-January-30-2024"]
[Site "Chess.com"]
[Date "2024.01.30"]
[Round "5"]
[White "djano"]
[Black "KamlaPasand"]
[Result "1-0"]
[WhiteElo "2631"]
[BlackElo "2480"]
[TimeControl "180+1"]
[EndTime "14:54:15 PST"]
[Termination "djano won by resignation"]

1. e4 e5 2. Nf3 Nc6 3. d4 exd4 4. Nxd4 Bc5 5. Nb3 Bb6 6. Nc3 Nf6 7. Bg5 h6 8. Bh4 g5 9. Bg3 d6 10. Qd2 Be6 11.
O-O-O Qd7 12. Nd5 Bxd5 13. exd5 Ne5 14. f4 gxf4 15. Bxf4 O-O-O 16. Kb1 Qf5 17. Bxe5 dxe5 18. Bc4 Ne4 19. Qd3 Qg6 20. Rhf1 Nf2 21. Qxg6 fxg6 22. Rd2 Ng4 23. Be2 Ne3 24. Rf6 Nxd5 25. Rxg6 Nc3+ 26. bxc3 Rxd2 27. Nxd2 Rf8 28. Bf3 Be3 29.
Ne4 Rd8 30. Kb2 1-0

[Event "Late-Titled-Tuesday-Blitz-January-30-2024"]
[Site "Chess.com"]
[Date "2024.01.30"]
[Round "5"]
[White "Zhigalko_Sergei"]
[Black "FairChess_on_YouTube"]
[Result "1-0"]
[WhiteElo "2944"]
[BlackElo "3082"]
[TimeControl "180+1"]
[EndTime "14:54:27 PST"]
[Termination "Zhigalko_Sergei won by resignation"]

1. e4 a6 2. d4 c6 3. Bd3 d5 4. Nf3 Bg4 5. c3 Nf6 6. e5 Nfd7 7. h3 Bxf3 8. Qxf3 e6 9. O-O c5 10.
Be3 Nc6 11. Nd2 Be7 12. Rad1 O-O 13. Qe2 b5 14. f4 g6 15. g4 c4 16. Bc2 b4 17. f5 Qa5 18. f6 Bd8 19. Qf2 bxc3 20. Qh4 Kh8 21. Nf3 Re8 22. Qh6 Nxf6 23. exf6 Bxf6 24. Ng5 Bxg5 25. Bxg5 1-0

[Event "Late-Titled-Tuesday-Blitz-January-30-2024"]
[Site "Chess.com"]
[Date "2024.01.30"]
[Round "5"]
[White "oskariot"]
[Black "pr1105"]
[Result "1-0"]
[WhiteElo "2755"]
[BlackElo "2439"]
[TimeControl "180+1"]
[EndTime "14:54:29 PST"]
[Termination "oskariot won by resignation"]

1. e4 e5 2. Nf3 Nc6 3. Nc3 Nf6 4. h3 d5 5. exd5 Nxd5 6. Bb5 Nxc3 7. bxc3 Bd6 8. O-O O-O 9. d4 exd4 10. cxd4 Bf5 11. c4 a6 12. Ba4 h6 13. Bb2 Qf6 14. Qd2 Rad8 15. c5 Ne5 16. dxe5 Qg6 17. cxd6 Bxh3 18. Nh4 Qg4 19. Qd4 cxd6 20. Qxg4 Bxg4 1-0

[Event "Late-Titled-Tuesday-Blitz-January-30-2024"]
[Site "Chess.com"]
[Date "2024.01.30"]
[Round "5"]
[White "TanitoluwaAps116"]
[Black "Polish_fighter3000"]
[Result "0-1"]
[WhiteElo "2711"]
[BlackElo "3036"]
[TimeControl "180+1"]
[EndTime "14:54:30 PST"]
[Termination "Polish_fighter3000 won by resignation"]

1. e4 g6 2. d4 d6 3. Nc3 Nf6 4. Be3 c6 5. Nf3 Nbd7 6. Bc4 b5 7. Bd3 a5 8. Qd2 Nb6 9. d5 b4 10. Bxb6 Qxb6 11. Na4 Qb7 12. dxc6 Qxc6 13. Qe2 Bd7 14. b3 Bg7 15. O-O Ng4 16. Rad1 O-O 17. Bc4 Rac8 18. Nd4 Qc7 19. Nb2 d5 20. g3 dxc4 21. Nxc4 h5 22. f4 Bxd4+ 23. Rxd4 Qc5 24. Rd1 Bb5 25. h3 Bxc4 26. Qxc4 0-1

[Event "Late-Titled-Tuesday-Blitz-January-30-2024"]
[Site "Chess.com"]
[Date "2024.01.30"]
[Round "5"]
[White "lluiss"]
[Black "tusplingher"]
[Result "0-1"]
[WhiteElo "2186"]
[BlackElo "2490"]
[TimeControl "180+1"]
[EndTime "14:54:32 PST"]
[Termination "tusplingher won by resignation"]

1. e4 c5 2. Nf3 d6 3. d4 Nf6 4. Nc3 cxd4 5. Nxd4 a6 6. Bg5 Nbd7 7. f4 Qc7 8. Qf3 e5 9. Nf5 h6 10. Bxf6 Nxf6 11.
O-O-O Be6 12. Bd3 h5 13. fxe5 dxe5 14. Rhe1 O-O-O 15. Ne3 Bb4 16. Ned5 Bxd5 17. exd5 Bxc3 18. bxc3 Kb8 19. c4 Rhe8 20. Re2 Qa5 21. Kb1 Rd6 22. Ka1 Qc3+ 0-1

[Event "Late-Titled-Tuesday-Blitz-January-30-2024"]
[Site "Chess.com"]
[Date "2024.01.30"]
[Round "5"]
[White "j_coca"]
[Black "cristiano78"]
[Result "1-0"]
[WhiteElo "2492"]
[BlackElo "2294"]
[TimeControl "180+1"]
[EndTime "14:54:33 PST"]
[Termination "j_coca won by checkmate"]

1. f4 Nf6 2. Nf3 g6 3. e3 Bg7 4. d4 d6 5. c3 O-O 6. Bd3 b6 7.
O-O Bb7 8. Nbd2 Nbd7 9. Qe2 e5 10. Bc2 exf4 11. exf4 Re8 12. Qd3 Nd5 13. Ne4 N7f6 14.
Nxf6+ Nxf6 15. Ng5 h6 16. Nf3 Be4 17. Qd1 Qd7 18.
Bxe4 Nxe4 19. Qd3 f5 20. Bd2 Kh7 21. Rae1 Re7 22. Re2 Rae8 23. Rfe1 Qe6 24. h3 Qxa2 25. c4 c5 26. Bc3 cxd4 27. Nxd4 Qa4 28. b3 Qd7 29. g4 d5 30. gxf5 gxf5 31. Bb2 dxc4 32.
bxc4 Rd8 33. Rxe4 fxe4 34. Rxe4 Rxe4 35. Qxe4+ Kh8 36. Ne6 Qd1+ 37. Kg2 Rd2+ 38. Kg3 Qg1+ 39. Kh4 Qf2+ 40. Kh5 Bxb2 41. Qa8+ Kh7 42. Qe4+ Kg8 43.
Qg6+ Kh8 44. Qe8+ Kh7 45. Qf7+ Kh8 46. Qf8+ Kh7 47. Qxh6+ Kg8 48. Qg6+ Kh8 49. Qe8+ Kh7 50. Ng5+ Kg7 51. Qf7+ Kh8 52. Qh7# 1-0

[Event "Late-Titled-Tuesday-Blitz-January-30-2024"]
[Site "Chess.com"]
[Date "2024.01.30"]
[Round "5"]
[White "Flaccidmoves"]
[Black "wqws"]
[Result "0-1"]
[WhiteElo "2452"]
[BlackElo "2613"]
[TimeControl "180+1"]
[EndTime "14:54:34 PST"]
[Termination "wqws won by resignation"]

1. d4 Nf6 2. Bf4 g6 3. Nc3 Bg7 4. e4 O-O 5. Qd2 d6 6. h4 h5 7.
Nf3 a6 8. a4 Nc6 9. Bh6 Bg4 10.
Bxg7 Kxg7 11. Bc4 Bxf3 12. gxf3 e5 13. Ne2 d5 14. dxe5 Nxe5 15. Qc3 Nxc4 16. O-O-O Qe7 17.
Nf4 Qe5 18. Nxd5 Qxc3 19. Nxc3 Rfd8 20. b3 Ne5 21. f4 Neg4 22. e5 Ng8 23. Ne4 Ne7 24.
f3 Ne3 25. Rd3 Rxd3 26. cxd3 N7f5 27. Kd2 Nd5 28. Rc1 c6 29. Nc5 Rb8 30. Rc4 Nxh4 31. e6 fxe6 32. Nxe6+ Kf6 33. Ng5 Nf5 34. Re4 Nxf4 35.
Nh7+ Kg7 36. Rxf4 Kxh7 37. d4 Rd8 38. Kc3 Rxd4 39. Rxd4 Nxd4 40. Kxd4 h4 41. Ke3 g5 42. Kf2 Kg6 43. Kg2 Kf5 0-1

[Event "Late-Titled-Tuesday-Blitz-January-30-2024"]
[Site "Chess.com"]
[Date "2024.01.30"]
[Round "5"]
[White "valeriocarnicelli"]
[Black "nikitadovbnya2008"]
[Result "1-0"]
[WhiteElo "2541"]
[BlackElo "2154"]
[TimeControl "180+1"]
[EndTime "14:54:49 PST"]
[Termination "valeriocarnicelli won by resignation"]

1. e4 e5 2. Nf3 Nc6 3. Bb5 a6 4. Ba4 Nf6 5. O-O Be7 6. Re1 b5 7. Bb3 O-O 8. c3 d5 9. d3 d4 10. cxd4 exd4 11. a4 Rb8 12. axb5 axb5 13. h3 h6 14. Bf4 Bd6 15. e5 Nh5 16. Bh2 Bb4 17.
Nbd2 Bf5 18. g4 Bxd3 19. gxh5 Qd7 20. Ne4 Bxe4 21. Rxe4 Qxh3 22. Rh4 Qf5 23. Bc2 Qe6 24. Qd3 g6 25. hxg6 f5 26. Rxh6 Kg7 27. Rh7+ Kxg6 28. Kh1 Kxh7 29. Ng5+ 1-0

[Event "Late-Titled-Tuesday-Blitz-January-30-2024"]
[Site "Chess.com"]
[Date "2024.01.30"]
[Round "5"]
[White "Herman-NY"]
[Black "Sanyura"]
[Result "0-1"]
[WhiteElo "2486"]
[BlackElo "2656"]
[TimeControl "180+1"]
[EndTime "14:54:53 PST"]
[Termination "Sanyura won by resignation"]

1. e4 c5 2. Nf3 e6 3. d4 cxd4 4. Nxd4 Nf6 5. Nc3 Nc6 6. Ndb5 Bc5 7. Bf4 O-O 8. Bc7 Qe7 9. Bd6 Bxd6 10. Qxd6 Qd8 11.
Nc7 Ne8 12. Nxe8 Rxe8 13. O-O-O a6 14. h4 b5 15. h5 h6 16. Rh3 Qa5 17. Kb1 b4 18.
Ne2 Bb7 19. f4 Na7 20. Qd3 Rad8 21. Nd4 e5 22. Nf5 exf4 23. g3 Bxe4 24. Qd4 Bxf5 25. g4 Bxg4 0-1

[Event "Late-Titled-Tuesday-Blitz-January-30-2024"]
[Site "Chess.com"]
[Date "2024.01.30"]
[Round "5"]
[White "jefferyx"]
[Black "jk13"]
[Result "1-0"]
[WhiteElo "3015"]
[BlackElo "2705"]
[TimeControl "180+1"]
[EndTime "14:54:56 PST"]
[Termination "jefferyx won by resignation"]

1. d4 Nf6 2. c4 e6 3. Nc3 Bb4 4. Nf3 c5 5. g3 Bxc3+ 6. bxc3 Qa5 7. Bd2 b6 8. Bg2 Bb7 9. O-O Qa6 10. d5 O-O 11. Bg5 Ne4 12. Qc2 f5 13. Bf4 Qxc4 14.
Ne5 Qa6 15. Bxe4 fxe4 16. dxe6 dxe6 17. Rad1 Qb5 18. Rd6 Qe8 19. Rfd1 Nc6 20. Qxe4 Nxe5 21. Qxb7 Ng6 22. Rd7 Kh8 23. Rxg7 1-0

[Event "Late-Titled-Tuesday-Blitz-January-30-2024"]
[Site "Chess.com"]
[Date "2024.01.30"]
[Round "5"]
[White "chessisveryfun1264"]
[Black "azikom"]
[Result "0-1"]
[WhiteElo "2550"]
[BlackElo "2732"]
[TimeControl "180+1"]
[EndTime "14:54:57 PST"]
[Termination "azikom won by resignation"]

1. Nf3 c6 2. g3 d5 3. Bg2 Bg4 4. d4 Nd7 5. O-O e6 6. c4 Ngf6 7. Qc2 Be7 8. Bf4 O-O 9. Qb3 Qb6 10. c5 Qxb3 11. axb3 Bxf3 12. Bxf3 a6 13. Nc3 Rac8 14. b4 Bd8 15. Bd6 Re8 16. e4 dxe4 17. Nxe4 Nxe4 18. Bxe4 Bc7 19. Bxc7 Rxc7 20. Rfe1 Nf6 21. Bf3 Rd8 22.
Red1 Rcd7 23. Bxc6 bxc6 24. Rxa6 Rc7 25. Rda1 Rcc8 26. Rb6 g6 27. Rb7 Rb8 28. Rc7 Nd5 29. Rxc6 Nxb4 30. Rc7 Nd5 31. Rca7 Rxb2 32. Rc1 Kg7 33.
c6 Rc8 34. Rd7 Rb6 35. c7 Rb7 36. Rxd5 0-1

[Event "Late-Titled-Tuesday-Blitz-January-30-2024"]
[Site "Chess.com"]
[Date "2024.01.30"]
[Round "5"]
[White "DonJuanEGenaro"]
[Black "egnfanclub"]
[Result "1-0"]
[WhiteElo "2025"]
[BlackElo "2352"]
[TimeControl "180+1"]
[EndTime "14:54:58 PST"]
[Termination "DonJuanEGenaro won by checkmate"]

1. c4 e5 2. Nc3 Nf6 3. Nf3 Nc6 4. e3 Bb4 5. Qc2 O-O 6. d4 exd4 7.
exd4 Re8+ 8. Be2 d5 9. cxd5 Nxd5 10. O-O Bg4 11. Ng5 Bxe2 12. Qxh7+ Kf8 13. Re1 Nxc3 14. bxc3 Bxc3 15. Qh8+ Ke7 16. Rxe2+ Kd7 17. Qh3+ Re6 18. Rxe6 Bxa1 19. Re5+ Kd6 20. Nxf7# 1-0

[Event "Late-Titled-Tuesday-Blitz-January-30-2024"]
[Site "Chess.com"]
[Date "2024.01.30"]
[Round "5"]
[White "wild3000"]
[Black "HajiyevKanan"]
[Result "0-1"]
[WhiteElo "2344"]
[BlackElo "2569"]
[TimeControl "180+1"]
[EndTime "14:55:00 PST"]
[Termination "HajiyevKanan won by resignation"]

1. d4 d5 2. c4 c6 3. Nc3 Nf6 4. Nf3 a6 5. c5 Nbd7 6. Bf4 Nh5 7.
Bd2 e5 8. dxe5 Bxc5 9. e3 Nb6 10.
Nd4 g6 11. Be2 Ng7 12. O-O O-O 13. Nb3 Bb4 14. a3 Be7 15. f4 h5 16. Rc1 Bf5 17. Nd4 Nc4 18. Nxf5 Nxf5 19. Bxc4 dxc4 20. Qe2 Qd3 21.
Qxd3 cxd3 22. Ne4 Rfd8 23. Rfd1 Rd5 24. Kf2 c5 25. b3 b5 26. g3 Rc8 27. Rc3 c4 28.
bxc4 Rxc4 29. Rdc1 Rxe4 30. Kf3 Ra4 31. e4 Nd4+ 32.
Ke3 Rd8 33. Rxd3 Rxa3 34. Rxa3 Bxa3 35. Ba5 Bxc1+ 36. Kd3 Nc6+ 37. Bxd8 Nxd8 38. f5 Bb2 39. e6 fxe6 0-1

[Event "Late-Titled-Tuesday-Blitz-January-30-2024"]
[Site "Chess.com"]
[Date "2024.01.30"]
[Round "5"]
[White "jinbojinbo"]
[Black "EsmeraldasAnderson03"]
[Result "0-1"]
[WhiteElo "2624"]
[BlackElo "2428"]
[TimeControl "180+1"]
[EndTime "14:55:06 PST"]
[Termination "EsmeraldasAnderson03 won by resignation"]

1. Nf3 d5 2. b3 Nf6 3. Bb2 Bf5 4. c4 e6 5. e3 h6 6. Be2 Be7 7. O-O O-O 8. Nc3 c6 9. d4 Nbd7 10. Re1 Bd6 11. Rc1 Ne4 12. Bf1 Bg4 13. h3 Bh5 14. Be2 Bg6 15. Nxe4 Bxe4 16. Nd2 Bg6 17. Bf3 f5 18. a3 a5 19. g3 Qe7 20. a4 Nf6 21.
Bg2 Ne4 22. Nf3 Bh5 23. Qc2 Bb4 24. Red1 g5 25. Rf1 Bxf3 26. Bxf3 Bd6 27. Bg2 Rf7 28. g4 Raf8 29. gxf5 exf5 30. cxd5 cxd5 31. Qe2 f4 32. exf4 Rxf4 33. Qh5 Qf6 34. Rc2 Rh4 35. Qe2 Qf4 36. Rfc1 Qh2+ 37. Kf1 Ng3+ 0-1

[Event "Late-Titled-Tuesday-Blitz-January-30-2024"]
[Site "Chess.com"]
[Date "2024.01.30"]
[Round "5"]
[White "Fernando_Offermann"]
[Black "maurovargas01"]
[Result "1-0"]
[WhiteElo "2445"]
[BlackElo "1870"]
[TimeControl "180+1"]
[EndTime "14:55:07 PST"]
[Termination "Fernando_Offermann won on time"]

1. Nf3 Nc6 2. d4 d5 3. c4 e6 4. Nc3 Bb4 5. Bg5 Nf6 6. Rc1 O-O 7. e3 a6 8. a3 Bxc3+ 9. Rxc3 h6 10. Bxf6 Qxf6 11.
cxd5 exd5 12. Be2 Bf5 13. O-O Rac8 14. Qc1 Rfe8 15. Bxa6 bxa6 16. Rxc6 Qe7 17. Qc3 Be4 18. Nd2 Bf5 19. Rc1 Qg5 20. Nf3 Qg4 21. Ne5 Qg5 22. Qd2 Bh3 23. f4 Qe7 24. gxh3 Kh8 25.
R1c3 g5 26. f5 Kh7 27. f6 Qd8 28. Qc2+ 1-0

[Event "Late-Titled-Tuesday-Blitz-January-30-2024"]
[Site "Chess.com"]
[Date "2024.01.30"]
[Round "5"]
[White "ArtemDyachuk"]
[Black "emeli_chess"]
[Result "1-0"]
[WhiteElo "2636"]
[BlackElo "2484"]
[TimeControl "180+1"]
[EndTime "14:55:10 PST"]
[Termination "ArtemDyachuk won on time"]

1. d4 Nf6 2. c4 e6 3. Nf3 d5 4. Nc3 Bb4 5. cxd5 exd5 6. Bg5 h6 7.
Bh4 c5 8. e3 g5 9. Bg3 Qa5 10.
dxc5 Bxc3+ 11. bxc3 Qxc3+ 12. Nd2 Nc6 13. Rc1 Qa5 14.
Bd6 Ne4 15. Bd3 Bf5 16. Bxe4 Bxe4 17. O-O O-O-O 18. Nxe4 dxe4 19. Qg4+ Rd7 20. Rfd1 Re8 21. h4 Re6 22. hxg5 hxg5 23. Qh5 f6 24. Qg6 Qd8 25. Qf5 Qe8 26. Rb1 a6 27. Rb6 Qf7 28. Rdb1 Kd8 29. Rxc6 Rexd6 30. Rxd6 1-0

[Event "Late-Titled-Tuesday-Blitz-January-30-2024"]
[Site "Chess.com"]
[Date "2024.01.30"]
[Round "5"]
[White "ansko1999"]
[Black "dropstoneDP"]
[Result "0-1"]
[WhiteElo "2668"]
[BlackElo "3041"]
[TimeControl "180+1"]
[EndTime "14:55:11 PST"]
[Termination "dropstoneDP won on time"]

1. e4 e5 2. Nf3 Nf6 3. Nxe5 d6 4. Nd3 Nxe4 5. Qe2 Qe7 6. Nf4 Nc6 7. Nd5 Nd4 8. Nxe7 Nxe2 9. Nd5 Nd4 10. Nxc7+ Kd8 11. Nxa8 Nxc2+ 12. Ke2 Nxa1 13. Nc3 d5 14. f3 Nf6 15. d4 Bd6 16. Bg5 Nc2 17. Nxd5 Nxd4+ 18. Kd3 Ne6 19. Bh4 g5 20. Nxf6 gxh4 21. Ne4 Be5 22. Kc2 b6 23. Bc4 Bb7 24. Rd1+ Ke7 25. Bxe6 fxe6 0-1

[Event "Late-Titled-Tuesday-Blitz-January-30-2024"]
[Site "Chess.com"]
[Date "2024.01.30"]
[Round "5"]
[White "Korchmar_Vasiliy"]
[Black "GMWSO"]
[Result "0-1"]
[WhiteElo "2715"]
[BlackElo "3090"]
[TimeControl "180+1"]
[EndTime "14:55:13 PST"]
[Termination "GMWSO won on time"]

1. e4 c5 2. d4 cxd4 3. Qxd4 Nc6 4. Qd3 Nf6 5. Nc3 e6 6. Bf4 d5 7. exd5 Nb4 8. Qd2 Nfxd5 9. O-O-O Bd7 10. Nxd5 Nxd5 11.
Be5 f6 12. Bd4 Rc8 13. a3 Ba4 14. Bd3 e5 15. Qe2 Nf4 16. Bb5+ Kf7 17. Bc4+ Ke7 18. Qf1 Qc7 0-1

[Event "Late-Titled-Tuesday-Blitz-January-30-2024"]
[Site "Chess.com"]
[Date "2024.01.30"]
[Round "5"]
[White "Cubitas"]
[Black "szachmistrz2500"]
[Result "1-0"]
[WhiteElo "2724"]
[BlackElo "2512"]
[TimeControl "180+1"]
[EndTime "14:55:16 PST"]
[Termination "Cubitas won by checkmate"]

1. Nc3 d5 2. d4 Nf6 3. Bf4 a6 4. e3 c5 5. dxc5 Nc6 6. a3 e5 7. Bg5 d4 8. Ne4 Be7 9. Bxf6 Bxf6 10. Nd6+ Kf8 11. Bc4 Be6 12. Bxe6 fxe6 13. Qh5 Qe7 14. Ne2 b6 15. b4 bxc5 16. bxc5 g6 17. Qf3 e4 18. Nxe4 Kg7 19. Nxf6 Qxf6 20. Qxc6 dxe3 21. O-O Rac8 22. Qd7+ Kh6 23. fxe3 Qe5 24. Rae1 Qxe3+ 25. Kh1 Rhf8 26. Ng3 Qxc5 27. Qxe6 Rce8 28. Qh3+ Kg7 29. Rxe8 Rxe8 30. Qd7+ Re7 31. Qd8 Rc7 32. Ne4 Qe5 33. Qf8# 1-0

[Event "Late-Titled-Tuesday-Blitz-January-30-2024"]
[Site "Chess.com"]
[Date "2024.01.30"]
[Round "5"]
[White "Slovineanu"]
[Black "Rawnsdale"]
[Result "1-0"]
[WhiteElo "2462"]
[BlackElo "2540"]
[TimeControl "180+1"]
[EndTime "14:55:17 PST"]
[Termination "Slovineanu won by resignation"]

1. d4 d5 2. Nf3 e6 3. c4 Be7 4.
e3 Nf6 5. b3 O-O 6. Bd3 Nbd7 7.
O-O c5 8. Bb2 cxd4 9. exd4 dxc4 10. bxc4 b6 11. Nc3 Bb7 12. Qe2 Rc8 13. Rad1 Bb4 14. a3 Bd6 15. Ne5 Qe7 16. Nb5 a6 17. Nxd6 Qxd6 18. Nxd7 Qxd7 19. d5 Ne8 20. Qh5 g6 21.
Qe5 f6 22. Qxe6+ Qxe6 23. dxe6 Nc7 24. Rfe1 Rce8 25. Bd4 Nxe6 26. Bxb6 Nf4 27. Bf1 h5 28. f3 h4 29. Kf2 Kg7 30. Rxe8 Rxe8 31. Rd7+ 1-0

[Event "Late-Titled-Tuesday-Blitz-January-30-2024"]
[Site "Chess.com"]
[Date "2024.01.30"]
[Round "5"]
[White "tarno17"]
[Black "ChessBrainiacOnTwitch"]
[Result "0-1"]
[WhiteElo "2105"]
[BlackElo "2787"]
[TimeControl "180+1"]
[EndTime "14:55:24 PST"]
[Termination "ChessBrainiacOnTwitch won by resignation"]

1. e4 c5 2. Nf3 e6 3. d3 Nc6 4.
Nbd2 d5 5. g3 Nf6 6. Bg2 Be7 7.
O-O O-O 8. exd5 exd5 9. d4 c4 10. c3 Bf5 11. h3 Re8 12. Ne5 Bd6 13. f4 h6 14. Ndf3 Ne4 15. g4 Bh7 16. Nxc6 bxc6 17. Ne5 f6 18. Bxe4 Bxe4 19. Nxc6 Qb6 20. Nb4 Bxb4 21.
cxb4 Bd3 22. Kh2 Bxf1 23. Qxf1 Qxd4 24. Qf2 Qxf2+ 0-1